 Dungeon Crawl Stone Soup version 0.29-a0-998-g1987434951 (webtiles) character file.

Game seed: 13006713908576429307

63 quixfox the Digger (level 4, -2/24 HPs)
             Began as a Gargoyle Earth Elementalist on Aug 5, 2022.
             Slain by a hobgoblin
             ... wielding a +0 dagger
             ... led by Robin
              (7 damage)
             ... on level 2 of the Dungeon.
             The game lasted 00:04:10 (1823 turns).

quixfox the Digger (Gargoyle Earth Elementalist)    Turns: 1823, Time: 00:04:11

Health: -2/24      AC:  6    Str: 12    XL:     4   Next: 9%
Magic:  3/8        EV: 11    Int: 17    God:
Gold:   72         SH:  0    Dex: 10    Spells: 2/8 levels left

rFire   . . .      SeeInvis .   i - staff of conjuration
rCold   . . .      Faith    .   (no shield)
rNeg    + . .      Spirit   .   a - +0 robe
rPois   ∞          Reflect  .   (no helmet)
rElec   +          Harm     .   (no cloak)
rCorr   .          Rampage  .   k - +0 pair of gloves
Will    .....                   (no boots)
Stlth   ++........              (no amulet)
HPRegen 0.08/turn               (no ring)
MPRegen 0.11/turn               (no ring)

@: no status effects
A: sickness immunity, AC +3, negative energy resistance 1, electricity
resistance, torment resistance 1, petrification resistance
a: no special abilities


You were on level 2 of the Dungeon.
You visited 1 branch of the dungeon, and saw 2 of its levels.

You collected 72 gold pieces.

Inventory:

Armour
 a - a +0 robe (worn)
 k - a +0 pair of gloves (worn)
Magical Staves
 i - a staff of conjuration (weapon)
Scrolls
 d - a scroll of silence {unknown}
 f - a scroll of fog {unknown}
 j - 2 scrolls of identify {unknown}
 l - a scroll of enchant armour {unknown}
Potions
 b - a potion of magic
 c - a potion of curing {unknown}
 e - a potion of berserk rage {unknown}
 g - a potion of heal wounds {unknown}
 h - 2 potions of degeneration {unknown}


   Skills:
 - Level 1.5 Dodging
 - Level 2.1 Stealth
 + Level 2.8 Spellcasting
 + Level 1.7 Conjurations
 - Level 0.7 Transmutations
 + Level 4.5 Earth Magic


You had 2 spell levels left.
You knew the following spells:

 Your Spells              Type           Power      Damage    Failure   Level
a - Sandblast             Erth           36%        2d10      2%          1
b - Passwall              Tmut/Erth      9%         N/A       9%          2
c - Stone Arrow           Conj/Erth      38%        3d9       14%         3

Your spell library contained the following spells:

 Spells                   Type           Power      Damage    Failure   Level
 Petrify                  Tmut/Erth      11%        N/A       52%         4


Dungeon Overview and Level Annotations

Branches:
Dungeon (2/15)

Altars:


Innate Abilities, Weirdness & Mutations

You are immune to sickness and miasma.
Your stone body is resilient. (AC +3)
You are immune to poison.
You resist negative energy. (rN+)
You are resistant to electric shocks. (rElec)
You are resistant to unholy torment.
You are immune to petrification.


Message History

Aim: Robin, wielding a +0 whip, wearing a +0 robe and wearing a +0 helmet (severely wounded, 87% to hit)
The blast of sand hits the goblin!
You kill the goblin!
The hobgoblin shouts!
You hear a shout!
The goblin closely misses you.
Robin roars a battlecry!
The goblin hits you with a +0 dagger. Robin throws the goblin at you!
The goblin hits you with a +0 club.
Aiming: Sandblast (safe; 2% risk of failure)
Press: ? - help, Q - select action, (/) - cycle Shift-Dir - straight line, f/p - Robin
Aim: Robin, wielding a +0 whip, wearing a +0 robe and wearing a +0 helmet (severely wounded, 87% to hit)
The blast of sand hits the goblin!
You kill the goblin!
The goblin closely misses you. The goblin hits you but does no damage.
Robin throws the goblin at you!
A goblin comes into view. It is wielding a +0 spear.
The goblin hits you with a +0 club.
You closely miss the goblin. The goblin completely misses you.
The goblin barely misses you.
Aiming: Sandblast (safe; 2% risk of failure)
Press: ? - help, Q - select action, (/) - cycle Shift-Dir - straight line, f/p - Robin
Aim: Robin, wielding a +0 whip, wearing a +0 robe and wearing a +0 helmet (severely wounded, 87% to hit)
The blast of sand hits Robin.
Robin is almost dead.
The goblin completely misses you. The goblin hits you with a +0 club.
The goblin hits you but does no damage. Robin hits you but does no damage.
The hobgoblin closely misses you. The goblin hits you but does no damage.
Aiming: Sandblast (safe; 2% risk of failure)
Press: ? - help, Q - select action, (/) - cycle Shift-Dir - straight line, f/p - Robin
Aim: Robin, wielding a +0 whip, wearing a +0 robe and wearing a +0 helmet (almost dead, 87% to hit)
The blast of sand hits Robin!
You kill Robin!
The goblin hits you with a +0 dagger.
The hobgoblin hits you with a +0 dagger.
The goblin hits you with a +0 club.
* * * LOW HITPOINT WARNING * * *
The goblin hits you but does no damage.
The hobgoblin hits you with a +0 dagger!
You die...

#...........# ##
#........#.# #
g######........#.#
#
......'........#.#
##........#.##
#.........#..#####
#g.###'##.........
#)g....##.##..####
#@#######.###.##
#gg÷).# #.# #..#
#####)# #.# ##.##
#.# #.####..# #.#
#...###.# #.#
###.# #.##
########.# #.#
#..# #......#.#
#.# ##<#
#......'.# #.# #..


You could see a hobgoblin (strong) and 3 goblins.

Vanquished Creatures
  Robin (D:2)
  2 adders (D:2)
  2 dart slugs (D:1)
  5 ball pythons
  4 endoplasms
  2 giant cockroaches (D:1)
  6 goblins
  3 hobgoblins
  2 quokkas (D:2)
  3 bats (D:1)
  3 frilled lizards
  3 kobolds
  3 rats
39 creatures vanquished.

Notes
Turn   | Place    | Note
-------+----------+-------------------------------------------
     0 | D:1      | quixfox the Gargoyle Earth Elementalist began the quest for
                  | the Orb.
     0 | D:1      | Reached XP level 1. HP: 10/10 MP: 3/3
   217 | D:1      | Reached XP level 2. HP: 15/15 MP: 3/5
   287 | D:1      | Reached skill level 4 in Earth Magic
   860 | D:1      | Reached skill level 1 in Conjurations
  1064 | D:2      | Reached XP level 3. HP: 19/19 MP: 4/6
  1070 | D:2      | Learned a level 2 spell: Passwall
  1074 | D:2      | Learned a level 3 spell: Stone Arrow
  1159 | D:2      | Noticed Robin
  1778 | D:2      | Reached XP level 4. HP: 24/24 MP: 6/8
  1823 | D:2      | Killed Robin
  1823 | D:2      | Slain by a hobgoblin

Illustrated notes

Levels and vault maps discovered:
D:1:      heliophobic_arrival_enchanted_forest, layout_loops_corners
D:2:      layout_basic, serial_shops, nicolae_shop_waterfront,
          minmay_tromino_v4_a, uniq_robin

Skill      XL: |  1  2 |
---------------+-------+-----
Earth Magic    | 4 |  4.5
Conjurations   | 1 |  1.7
Dodging        | |  1.5
Stealth        | |  2.1
Spellcasting   | |  2.8
Transmutations | |  0.7

Action                   |  1- 3 |  4- 6 || total
-------------------------+-------+-------++-------
Melee: Staff             |       |     1 ||     1
 Cast: Sandblast         |    53 |     8 ||    61
Armor: Robe              |    10 |     9 ||    19
Dodge: Dodged            |    13 |     8 ||    21

Table legend: (Time is in decaauts)
 A = Elapsed time spent in this place.
 B = Non-inter-level travel time spent in this place.
 C = Inter-level travel time spent in this place.
 D = Time resting spent in this place.
 E = Time spent auto-exploring this place.
 F = Levels seen in this place.
 G = Mean time per level.
                   A        B        C        D        E       F      G
               +--------+--------+--------+--------+--------+-----+--------+
         Total |   1881 |   1861 |     20 |    112 |   1087 |   2 |  940.5 |
       Dungeon |   1881 |   1861 |     20 |    112 |   1087 |   2 |  940.5 |
               +--------+--------+--------+--------+--------+-----+--------+

Top non-repeatable levels by time:
     D:1: 1084 daAuts
     D:2: 797 daAuts
